ITL
RICHMOND FLAIRS @ LOUISVILLE BATS
09/22/2028
 
TOP OF THE 1ST
Richmond Flairs batting - Pitching for Louisville Bats : RHP Jae-hyun Ch'oe
Pitching: RHP Jae-hyun Ch'oe
Batting: RHB Mario López 0-0: Ball
1-0: Called Strike
1-1: Ball
2-1: SINGLE (Line Drive, 8LM)
Batting: LHB Dave Gray 0-0: Called Strike
0-1: Foul Ball, location: 2F
0-2: Ball
1-2: DOUBLE (Groundball, 3L)
Mario López to third
Batting: LHB Roland Jones 0-0: Called Strike
0-1: Ground out 6-3 (Groundball, 6)
Mario López scores
Batting: RHB Elliott Johnston 0-0: SINGLE (Flyball, 9S)
Dave Gray to third
Runner from 3rd tries for Home, throw and OUT!
Batting: RHB Hollis Wood 0-0: Ball
1-0: Ball
2-0: Called Strike
2-1: Ball
3-1: Base on Balls
Elliott Johnston to second
Batting: RHB R.J. Crosby 0-0: Fly out, F9 (Flyball, 9S)
Top of the 1st over - 1 run(s), 3 hit(s), 0 error(s), 2 left on base; Richmond 1 - Louisville 0
BOTTOM OF THE 1ST
Louisville Bats batting - Pitching for Richmond Flairs : RHP Jack Walker
Pitching: RHP Jack Walker
Batting: RHB Jesús Cabrera 0-0: Ball
1-0: Foul Ball, location: 2F
1-1: SINGLE (Line Drive, 56)
Batting: RHB William Farmer 0-0: Ball
1-0: SINGLE (Line Drive, 4D)
Jesús Cabrera to second
Batting: RHB Eric Thompson 0-0: Called Strike
Jesús Cabrera steals 3rd base
William Farmer to second
0-1: Ball
1-1: Ball
2-1: Swinging Strike
2-2: Ball
3-2: Foul Ball, location: 2F
3-2: Foul Ball, location: 2F
3-2: Base on Balls
Batting: LHB Mike Callahan 0-0: Called Strike
0-1: Foul Ball, location: 2F
0-2: Fly out, F7 (Flyball, 7LS)
Runner from 3rd tags up, SCORES, no throw
Batting: RHB Enrico Ramos 0-0: SINGLE (Groundball, 56S) (infield hit)
William Farmer to third
Eric Thompson to second
Batting: LHB Alex Henderson 0-0: Ball
1-0: Called Strike
1-1: Ball
2-1: Foul Ball, location: 2F
2-2: Ball
3-2: Fielders Choice at 3rd, U5 (Groundball, 5L)
William Farmer scores
Enrico Ramos to second
Batting: LHB George Smith 0-0: Ball
1-0: Foul Ball, location: 2F
1-1: Ball
2-1: Foul Ball, location: 2F
2-2: Strikes out swinging
Bottom of the 1st over - 2 run(s), 3 hit(s), 0 error(s), 2 left on base; Richmond 1 - Louisville 2
TOP OF THE 2ND
Richmond Flairs batting - Pitching for Louisville Bats : RHP Jae-hyun Ch'oe
Batting: RHB Freddy Padilla 0-0: Ball
1-0: Called Strike
1-1: Called Strike
1-2: Ball
2-2: Ball
3-2: Foul Ball, location: 2F
3-2: Foul Ball, location: 2F
3-2: Foul Ball, location: 2F
3-2: Strikes out looking
Batting: RHB Gary Thomas 0-0: Called Strike
0-1: Swinging Strike
0-2: Ball
1-2: Foul Ball, location: 2F
1-2: DOUBLE (Line Drive, 9LM)
Batting: SHB Adrián Miranda 0-0: Called Strike
0-1: Swinging Strike
0-2: Strikes out looking
Batting: RHB Mario López 0-0: Ball
1-0: Ball
2-0: Swinging Strike
2-1: Called Strike
2-2: Strikes out swinging
Top of the 2nd over - 0 run(s), 1 hit(s), 0 error(s), 1 left on base; Richmond 1 - Louisville 2
BOTTOM OF THE 2ND
Louisville Bats batting - Pitching for Richmond Flairs : RHP Jack Walker
Batting: LHB Jeff Forsyth 0-0: Foul Ball, location: 2F
0-1: Foul Ball, location: 2F
0-2: Ball
1-2: Ball
2-2: Ball
3-2: Ground out 5-3 (Groundball, 5S)
Batting: RHB Shawn Marshall 0-0: Ball
1-0: Swinging Strike
1-1: Ball
2-1: Ground out 5-3 (Groundball, 56)
Batting: RHB Jesús Cabrera 0-0: Ball
1-0: Fly out, F5 (Line Drive, 5)
Bottom of the 2nd over - 0 run(s), 0 hit(s), 0 error(s), 0 left on base; Richmond 1 - Louisville 2
TOP OF THE 3RD
Richmond Flairs batting - Pitching for Louisville Bats : RHP Jae-hyun Ch'oe
Batting: LHB Dave Gray 0-0: Called Strike
0-1: Swinging Strike
0-2: Strikes out swinging
Batting: LHB Roland Jones 0-0: DOUBLE (Line Drive, 8LD)
Batting: RHB Elliott Johnston 0-0: Ball
Roland Jones is caught stealing 3rd base
1-0: Foul Ball, location: 2F
1-1: Foul Ball, location: 2F
1-2: Ball
2-2: Foul Ball, location: 2F
2-2: Ball
3-2: Base on Balls
Batting: RHB Hollis Wood 0-0: Called Strike
0-1: Fly out, F9 (Flyball, 9S)
Top of the 3rd over - 0 run(s), 1 hit(s), 0 error(s), 1 left on base; Richmond 1 - Louisville 2
BOTTOM OF THE 3RD
Louisville Bats batting - Pitching for Richmond Flairs : RHP Jack Walker
Batting: RHB William Farmer 0-0: Called Strike
0-1: Foul Ball, location: 2F
0-2: Ball
1-2: Foul Ball, location: 2F
1-2: Strikes out looking
Batting: RHB Eric Thompson 0-0: Ball
1-0: Called Strike
1-1: Foul Ball, location: 2F
1-2: Ball
2-2: Reached on error, E5 (Groundball, 56)
Batting: LHB Mike Callahan 0-0: Foul Ball, location: 2F
0-1: Foul Ball, location: 2F
0-2: Fly out, F8 (Line Drive, 8LM)
Batting: RHB Enrico Ramos 0-0: Ball
1-0: Ball
2-0: SINGLE (Line Drive, 9LS)
Eric Thompson to third
Runner from 3rd tries for Home, SAFE, no throw
Batting: LHB Alex Henderson 0-0: Called Strike
0-1: Swinging Strike
0-2: Ball
Enrico Ramos steals 2nd base
1-2: Foul Ball, location: 2F
1-2: Strikes out swinging
Bottom of the 3rd over - 1 run(s), 1 hit(s), 1 error(s), 1 left on base; Richmond 1 - Louisville 3
TOP OF THE 4TH
Richmond Flairs batting - Pitching for Louisville Bats : RHP Jae-hyun Ch'oe
Batting: RHB R.J. Crosby 0-0: Ball
1-0: Ball
2-0: Ball
3-0: Called Strike
3-1: Called Strike
3-2: SINGLE (Groundball, 4MD)
Batting: RHB Freddy Padilla 0-0: Called Strike
0-1: Ball
1-1: Swinging Strike
1-2: Ball
2-2: Foul Ball, location: 2F
2-2: Ball
3-2: Foul Ball, location: 2F
3-2: Base on Balls
R.J. Crosby to second
Batting: RHB Gary Thomas 0-0: Ball
1-0: Called Strike
1-1: Grounds into double play, 6-4-3 (Groundball, 6)
R.J. Crosby to third
Batting: SHB Adrián Miranda 0-0: Ball
1-0: Called Strike
1-1: Hit by Pitch
Batting: RHB Mario López 0-0: Ball
Wild Pitch!
R.J. Crosby scores
Adrián Miranda to second
1-0: Called Strike
1-1: Swinging Strike
1-2: Foul Ball, location: 2F
1-2: Ball
2-2: Fly out, F9 (Flyball, 9)
Top of the 4th over - 1 run(s), 1 hit(s), 0 error(s), 1 left on base; Richmond 2 - Louisville 3
BOTTOM OF THE 4TH
Louisville Bats batting - Pitching for Richmond Flairs : RHP Jack Walker
Batting: LHB George Smith 0-0: Called Strike
0-1: Swinging Strike
0-2: Ball
1-2: Strikes out swinging
Batting: LHB Jeff Forsyth 0-0: Foul Ball, location: 2F
0-1: Called Strike
0-2: Strikes out looking
Batting: RHB Shawn Marshall 0-0: Ball
1-0: Ball
2-0: Swinging Strike
2-1: Foul Ball, location: 2F
2-2: Strikes out looking
Bottom of the 4th over - 0 run(s), 0 hit(s), 0 error(s), 0 left on base; Richmond 2 - Louisville 3
TOP OF THE 5TH
Richmond Flairs batting - Pitching for Louisville Bats : RHP Jae-hyun Ch'oe
Batting: LHB Dave Gray 0-0: Ball
1-0: Foul Ball, location: 2F
1-1: Ball
Error on foul ball, E7
2-2: Strikes out looking
Batting: LHB Roland Jones 0-0: Ball
1-0: Foul Ball, location: 2F
1-1: Ball
2-1: Foul Ball, location: 2F
2-2: Ball
3-2: Foul Ball, location: 2F
3-2: Base on Balls
Batting: RHB Elliott Johnston 0-0: Ball
Wild Pitch!
Roland Jones to second
1-0: Called Strike
1-1: Swinging Strike
1-2: Foul Ball, location: 2F
1-2: Ball
2-2: Foul Ball, location: 2F
2-2: Ball
3-2: Foul Ball, location: 2F
3-2: Strikes out swinging
Batting: RHB Hollis Wood 0-0: Called Strike
0-1: Ball
1-1: Ball
2-1: Foul Ball, location: 2F
2-2: Strikes out looking
Top of the 5th over - 0 run(s), 0 hit(s), 1 error(s), 1 left on base; Richmond 2 - Louisville 3
BOTTOM OF THE 5TH
Louisville Bats batting - Pitching for Richmond Flairs : RHP Jack Walker
Batting: RHB Jesús Cabrera 0-0: Ball
1-0: Called Strike
1-1: Ball
2-1: Foul Ball, location: 2F
2-2: SINGLE (Groundball, 6MD)
Batting: RHB William Farmer 0-0: Ball
Jesús Cabrera is caught stealing 2nd base
1-0: Ball
2-0: Called Strike
2-1: Foul Ball, location: 2F
2-2: Foul Ball, location: 2F
2-2: Strikes out swinging
Batting: RHB Eric Thompson 0-0: Swinging Strike
0-1: Ball
1-1: Ground out 6-3 (Groundball, 6)
Bottom of the 5th over - 0 run(s), 1 hit(s), 0 error(s), 0 left on base; Richmond 2 - Louisville 3
TOP OF THE 6TH
Richmond Flairs batting - Pitching for Louisville Bats : RHP Jae-hyun Ch'oe
Pitching: RHP Guy Hebert
Batting: RHB R.J. Crosby 0-0: Ball
1-0: Ground out 5-3 (Groundball, 56)
Batting: RHB Freddy Padilla 0-0: DOUBLE (Line Drive, 9LS)
Batting: RHB Gary Thomas 0-0: Ball
1-0: Ground out 6-3 (Groundball, 6)
Batting: SHB Adrián Miranda 0-0: Ball
1-0: Ball
2-0: Ball
3-0: Called Strike
3-1: Base on Balls
Batting: RHB Mario López 0-0: Ball
1-0: Ball
2-0: Ball
3-0: Called Strike
3-1: Base on Balls
Freddy Padilla to third
Adrián Miranda to second
Batting: LHB Dave Gray 0-0: Called Strike
0-1: Ball
1-1: Ball
2-1: Fielders Choice at 2nd, 5-4 (Groundball, 56)
Top of the 6th over - 0 run(s), 1 hit(s), 0 error(s), 2 left on base; Richmond 2 - Louisville 3
BOTTOM OF THE 6TH
Louisville Bats batting - Pitching for Richmond Flairs : RHP Jack Walker
Batting: LHB Mike Callahan 0-0: SINGLE (Line Drive, 7LS)
Batting: RHB Enrico Ramos 0-0: Called Strike
0-1: Grounds into double play, 6-4-3 (Groundball, 6)
Batting: LHB Alex Henderson 0-0: Ground out 1-3 (Groundball, P)
Bottom of the 6th over - 0 run(s), 1 hit(s), 0 error(s), 0 left on base; Richmond 2 - Louisville 3
TOP OF THE 7TH
Richmond Flairs batting - Pitching for Louisville Bats : RHP Guy Hebert
Batting: LHB Roland Jones 0-0: Called Strike
0-1: Called Strike
0-2: Strikes out looking
Batting: RHB Elliott Johnston 0-0: Ball
1-0: Ball
2-0: Ball
3-0: Base on Balls
Batting: RHB Hollis Wood 0-0: Ball
1-0: Swinging Strike
1-1: Reached on error, E6 (Groundball, 6)
Elliott Johnston to second
Pinch Runner at 2nd Lonson Seals:
Batting: RHB R.J. Crosby 0-0: Ball
1-0: SINGLE (Groundball, 4MD)
Lonson Seals to third
Hollis Wood to second
Runner from 3rd tries for Home, SAFE, no throw
Pinch Hitting: LHB Sean Nicks 0-0: Called Strike
0-1: Swinging Strike
0-2: Ball
1-2: Strikes out swinging
Pinch Hitting: SHB António Enríquez 0-0: Called Strike
0-1: Swinging Strike
0-2: Ball
1-2: Ball
2-2: Ground out 5-3 (Groundball, 56S)
Top of the 7th over - 1 run(s), 1 hit(s), 1 error(s), 2 left on base; Richmond 3 - Louisville 3
BOTTOM OF THE 7TH
Louisville Bats batting - Pitching for Richmond Flairs : RHP Jack Walker
Now at 1B: Sean Nicks
Now at 3B: Liangde Que
Batting: LHB George Smith 0-0: Called Strike
0-1: Ground out 4-3 (Groundball, 34)
Batting: LHB Jeff Forsyth 0-0: Swinging Strike
0-1: Swinging Strike
0-2: Strikes out looking
Batting: RHB Shawn Marshall 0-0: Called Strike
0-1: Ball
1-1: Swinging Strike
1-2: Ball
2-2: Ball
3-2: Foul Ball, location: 2F
3-2: Foul Ball, location: 2F
3-2: Foul Ball, location: 2F
3-2: Fly out, F9 (Flyball, 9LS)
Bottom of the 7th over - 0 run(s), 0 hit(s), 0 error(s), 0 left on base; Richmond 3 - Louisville 3
TOP OF THE 8TH
Richmond Flairs batting - Pitching for Louisville Bats : RHP Guy Hebert
Batting: SHB Adrián Miranda 0-0: Foul Ball, location: 2F
0-1: Ball
1-1: Swinging Strike
1-2: Strikes out swinging
Batting: RHB Mario López 0-0: Called Strike
0-1: Ball
1-1: SINGLE (Line Drive, 7LS)
Batting: LHB Dave Gray 0-0: Ball
1-0: SINGLE (Line Drive, 34)
Mario López to second
Batting: LHB Roland Jones 0-0: 3-RUN HOME RUN (Line Drive, 89XD), Distance : 430 ft
Pitching: RHP John Thompson
Batting: RHB Lonson Seals 0-0: DOUBLE (Flyball, 89XD)
Batting: RHB Hollis Wood 0-0: Foul Ball, location: 2F
0-1: Ball
1-1: Ground out 5-3 (Groundball, 56)
Batting: RHB R.J. Crosby 0-0: Foul Ball, location: 2F
0-1: Fly out, F8 (Flyball, 8RS)
Top of the 8th over - 3 run(s), 4 hit(s), 0 error(s), 1 left on base; Richmond 6 - Louisville 3
BOTTOM OF THE 8TH
Louisville Bats batting - Pitching for Richmond Flairs : RHP Jack Walker
Pitching: RHP Alfonso Rodríguez
Batting: RHB Jesús Cabrera 0-0: Foul Ball, location: 2F
0-1: Swinging Strike
0-2: Ground out 5-3 (Groundball, 56S)
Batting: RHB William Farmer 0-0: Called Strike
0-1: Swinging Strike
0-2: Ground out 4-3 (Groundball, 4)
Batting: RHB Eric Thompson 0-0: Ball
1-0: Ball
2-0: Ball
3-0: Called Strike
3-1: SINGLE (Line Drive, 8LS)
Pitching: RHP Frank Martin
Batting: LHB Mike Callahan 0-0: Fly out, F8 (Flyball, 8RD)
Bottom of the 8th over - 0 run(s), 1 hit(s), 0 error(s), 1 left on base; Richmond 6 - Louisville 3
TOP OF THE 9TH
Richmond Flairs batting - Pitching for Louisville Bats : RHP John Thompson
Batting: LHB Sean Nicks 0-0: Foul Ball, location: 2F
0-1: Ball
1-1: Ball
2-1: Ball
3-1: Swinging Strike
3-2: Base on Balls
Batting: RHB Liangde Que 0-0: Ball
1-0: Called Strike
1-1: Grounds into double play, 5-4-3 (Groundball, 6)
Batting: SHB Adrián Miranda 0-0: Foul Ball, location: 2F
0-1: Foul Ball, location: 2F
0-2: Foul Ball, location: 2F
0-2: Strikes out looking
Top of the 9th over - 0 run(s), 0 hit(s), 0 error(s), 0 left on base; Richmond 6 - Louisville 3
BOTTOM OF THE 9TH
Louisville Bats batting - Pitching for Richmond Flairs : RHP Frank Martin
Pitching: LHP Enrico Lozano
Batting: RHB Enrico Ramos 0-0: Ball
1-0: Ball
2-0: Ball
3-0: Base on Balls
Batting: LHB Alex Henderson 0-0: SINGLE (Groundball, 34D)
Enrico Ramos to second
Runner from 2nd tries for 3rd, SAFE, throw made to third
Pinch Hitting: RHB Vicente Vélez 0-0: Ball
1-0: Swinging Strike
1-1: Called Strike
1-2: Strikes out looking
Pinch Hitting: RHB Pablo Gonzáles 0-0: Ball
1-0: SINGLE (Groundball, 5S) (infield hit)
Enrico Ramos scores
Alex Henderson to second
Batting: RHB Shawn Marshall 0-0: Ball
1-0: Ball
2-0: Swinging Strike
2-1: Ball
3-1: Base on Balls
Alex Henderson to third
Pablo Gonzáles to second
Batting: RHB Jesús Cabrera 0-0: Swinging Strike
0-1: Reached on error, E5 (Groundball, 5L)
Alex Henderson scores
Pablo Gonzáles to third
Shawn Marshall to second
Pitching: RHP Lorenzo Ramos
Batting: RHB William Farmer 0-0: Ball
1-0: Ball
2-0: Ball
3-0: Base on Balls
Pablo Gonzáles scores
Shawn Marshall to third
Jesús Cabrera to second
Batting: RHB Eric Thompson 0-0: Called Strike
0-1: Foul Ball, location: 2F
0-2: Ball
1-2: Ball
2-2: Foul Ball, location: 2F
2-2: SINGLE (Groundball, 4D)
Shawn Marshall scores
Tuesday, August 8th, 2017 - OOTP Baseball 17.12 Build 75